 Dungeon Crawl Stone Soup version 0.28-a0-60-g54b5640690 (webtiles) character file.

Game seed: 14374848793335449060

11 flotson the Sneak (level 2, -1/24 HPs)
             Began as a Demonspawn Delver on July 30, 2021.
             Slain by an adder (2 damage)
             ... on level 4 of the Dungeon.
             The game lasted 00:01:10 (395 turns).

flotson the Sneak (Demonspawn Delver)                Turns: 395, Time: 00:01:11

Health: -1/24      AC:  3    Str: 12    XL:     2   Next: 13%
Magic:  2/2        EV: 12    Int: 11    God:
Gold:   11         SH:  0    Dex: 14    Spells: 1/1 levels left

rFire   . . .      SeeInvis .   a - +0 hand axe
rCold   . . .      Faith    .   (no shield)
rNeg    . . .      Spirit   .   i - +0 leather armour
rPois   .          Reflect  .   (no helmet)
rElec   .          Harm     .   (no cloak)
rCorr   .          Rampage  .   (no gloves)
Will    .....                   (no boots)
Stlth   ++........              (no amulet)
HPRegen 0.08/turn               (no ring)
MPRegen 0.08/turn               (no ring)

@: lethally poisoned (-1 -> -3)
A: talons 1
a: no special abilities


You were on level 4 of the Dungeon.
You visited 1 branch of the dungeon, and saw 2 of its levels.

You collected 11 gold pieces.

Inventory:

Hand Weapons
 a - a +0 hand axe (weapon)
 b - a +0 hunting sling
Armour
 i - a +0 leather armour (worn)
Wands
 d - a wand of acid (7)
 g - a wand of digging (3)
Scrolls
 c - a scroll of fog
 e - a scroll of fear
 h - a scroll of vulnerability {unknown}
Potions
 f - a potion of might {unknown}


   Skills:
 + Level 3.1 Fighting
 + Level 2.0 Axes
 + Level 0.4 Armour
 + Level 2.0 Dodging
 - Level 4.5 Stealth
 + Level 0.5 Evocations


You had one spell level left.
You didn't know any spells.
Your spell library was empty.

Dungeon Overview and Level Annotations

Branches:
Dungeon (5/15)
 Temple: D:4-7

Altars:


Innate Abilities, Weirdness & Mutations

You have sharp toenails.


Message History

You closely miss the adder. The adder bites you.
You hit the adder but do no damage. The adder barely misses you.
The adder bites you.
You are poisoned.
The adder poisons you!
You hit the adder but do no damage.
You feel sick. The adder misses you. The adder bites you but does no damage.
You barely miss the adder.
You feel sick. The adder barely misses you.
You hit the adder. You claw the adder.
The adder is heavily wounded.
You feel sick. The adder closely misses you. The adder barely misses you.
You miss the adder.
The adder is heavily wounded.
You feel sick. The adder bites you.
You are more poisoned.
The adder poisons you!
You are too injured to fight recklessly!
You are too injured to fight recklessly!
You are too injured to fight recklessly!
You are too injured to fight recklessly!
You are too injured to fight recklessly!
You hit the adder.
The adder is almost dead.
* * * LOW HITPOINT WARNING * * *
You feel sick. The adder bites you.
* * * LOW HITPOINT WARNING * * *
The adder barely misses you.
You barely miss the adder. Your kick misses the adder.
The adder is almost dead.
* * * LOW HITPOINT WARNING * * *
You feel sick. The adder barely misses you.
You hit the adder but do no damage.
The adder is almost dead.
* * * LOW HITPOINT WARNING * * *
You feel sick. The adder closely misses you. The adder barely misses you.
You barely miss the adder.
The adder is almost dead.
* * * LOW HITPOINT WARNING * * *
You feel sick. The adder bites you.
You die...

#..)......#
#.........# ## ###
#.........#
##.##..####.........#
#...#...............#
..........#.........#
..........#.........#
#.#.....^#.........#
#...@..#.........#
#...S..###########
#......# #......#
#......# ........
..#.##.... ...#.
.....


You could see an adder.

Vanquished Creatures
  An adder (D:4)
  A kobold (D:4)
2 creatures vanquished.

Notes
Turn   | Place    | Note
-------+----------+-------------------------------------------
     0 | D:5      | flotson the Demonspawn Delver began the quest for the Orb.
     0 | D:5      | Reached XP level 1. HP: 18/18 MP: 1/1
    26 | D:5      | Noticed an ogre
    29 | D:5      | Noticed an iguana
    91 | D:5      | Noticed an iguana
   149 | D:4      | Gained mutation: You have sharp toenails. [demonic
                  | ancestry]
   149 | D:4      | Reached XP level 2. HP: 14/24 MP: 2/2
   395 | D:4      | HP: 1/24 [poisoned by an adder]
   395 | D:4      | Slain by an adder

Illustrated notes

Levels and vault maps discovered:
D:4:      layout_basic, kennysheep_orc_sif_temple,
          mainiacjoe_overflow_two_lobes, minmay_temple_entry_proselytizer,
          gup_sewer_entry_glass, dk_noncrumbling_4,
          chequers_serial_rivers_micro_a
D:5:      layout_basic, serial_shops, nicolae_square_shop,
          lightli_corner_chamber

Skill      XL: |  1  2 |
---------------+-------+-----
Axes           | 2 |  2.0
Dodging        | 2 |  2.0
Fighting       | |  3.1
Armour         | |  0.4
Stealth        | |  4.5
Evocations     | |  0.5

Action                   || total
-------------------------++-------
Melee: Hand axe          ||    26
       Kick              ||     1
  Use: Scroll            ||     1
       Potion            ||     1
 Stab: Sleeping          ||     1
Armor: Leather armour    ||     7
Dodge: Dodged            ||    14

Table legend: (Time is in decaauts)
 A = Elapsed time spent in this place.
 B = Non-inter-level travel time spent in this place.
 C = Inter-level travel time spent in this place.
 D = Time resting spent in this place.
 E = Time spent auto-exploring this place.
 F = Levels seen in this place.
 G = Mean time per level.
                   A        B        C        D        E       F      G
               +--------+--------+--------+--------+--------+-----+--------+
         Total |    380 |    380 |      0 |      0 |    246 |   2 |  190.0 |
       Dungeon |    380 |    380 |      0 |      0 |    246 |   2 |  190.0 |
               +--------+--------+--------+--------+--------+-----+--------+

Top non-repeatable levels by time:
     D:4: 287 daAuts
     D:5: 93 daAuts
